[Event "Titled Tuesday Blitz July 25 Early 2023"]
[White "Bok, Benjamin"]
[Black "Kravtsiv, Martyn"]
[WhiteFideId "1017063"]
[BlackFideId "14113147"]
[WhiteElo "2970"]
[BlackElo "2849"]
[Result "1/2-1/2"]
[Round "8"]
[TimeControl "180+2"]
[Date "2023.07.25"]
[WhiteClock "0:00:07"]
[BlackClock "0:00:26"]
[Board "8"]

1. c4 e6 2. g3 d5 3. Bg2 Nf6 4. Nf3 Be7 5. O-O O-O 6. b3 d4 7. e3 c5 8. Ne5 Qc7 9. f4 Nbd7 10. Nd3 e5 11. Na3 a6 12. Bb2 Bd6 13. Nc2 Re8 14. fxe5 Nxe5 15. Nxe5 Bxe5 16. exd4 Bg4 17. Bf3 Bxf3 18. Qxf3 cxd4 19. Ne1 d3 20. Nxd3 Bxb2 21. Nxb2 Rad8 22. d3 Qe5 23. Rf2 Rd7 24. Raf1 h5 25. h3 Qc3 26. Kg2 Rde7 27. Nd1 Qd4 28. b4 b5 29. cxb5 axb5 30. a3 h4 31. gxh4 Qxh4 32. Qf4 Qxf4 33. Rxf4 Rd8 34. Nc3 Rxd3 35. R4f3 Rxf3 36. Rxf3 Re5 37. Rd3 Ne4 38. Rd5 Rxd5 39. Nxd5 Nd6 40. Nc3 f5 41. Kf3 Kf7 42. Kf4 Kf6 43. h4 g6 44. a4 bxa4 45. Nxa4 Nb5 46. Nc5 Nd6 47. Nd7+ Ke6 48. Ne5 Kf6 49. Nf3 Nb5 50. Nd2 Nc3 51. Kf3 Nd5 52. b5 g5 53. hxg5+ Kxg5 54. Nc4 Kf6 55. b6 Nxb6 56. Nxb6 f4 57. Nc4 Kf7 58. Nb2 Ke7 59. Nd3 Kd7 60. Nxf4 1/2-1/2


[Site "https://www.chess.com"]

[Event "Titled Tuesday Blitz July 25 Early 2023"]
[White "Ashraf, Artin"]
[Black "Anton Guijarro, David"]
[WhiteFideId "22514805"]
[BlackFideId "2285525"]
[WhiteElo "2820"]
[BlackElo "2964"]
[Result "0-1"]
[Round "8"]
[TimeControl "180+2"]
[Date "2023.07.25"]
[WhiteClock "0:00:00"]
[BlackClock "0:00:04"]
[Board "9"]

1. c4 e6 2. b3 d5 3. Nf3 d4 4. e3 c5 5. g3 Nc6 6. exd4 cxd4 7. Bg2 Nf6 8. O-O Bd6 9. Re1 O-O 10. d3 Re8 11. a3 a5 12. Bg5 h6 13. Bxf6 Qxf6 14. Nbd2 Qd8 15. Qc2 e5 16. c5 Bc7 17. Qb2 Rb8 18. Nc4 Bf5 19. Qd2 Qf6 20. b4 axb4 21. axb4 e4 22. Nh4 e3 23. fxe3 dxe3 24. Nxe3 Bh7 25. Nd5 Qd4+ 26. Kh1 Be5 27. Nf3 Qxd5 28. Nxe5 Qd4 29. Nxc6 Rxe1+ 30. Rxe1 bxc6 31. Bxc6 Bxd3 32. Qe3 Qxb4 33. Bd5 Bc4 34. Bg2 Be6 35. c6 Rc8 36. Rd1 Qb5 37. Qe4 g6 38. Qf4 Kg7 39. Qd4+ Kh7 40. Qd6 Qb6 41. Rf1 Qc7 42. Qc5 Qd8 43. Qe5 Qc7 44. Qf6 Qd8 45. Qf4 Qc7 46. Qb4 h5 47. Qd4 Rd8 48. Qf6 Rd2 49. Qf4 Qxf4 50. gxf4 Rc2 51. Rd1 Kg7 52. Kg1 Kf6 53. Rd4 h4 54. Be4 Rc3 55. Kf2 Ke7 56. Bf3 Rc2+ 57. Kg1 h3 58. Be4 Rc3 59. Bd5 Bxd5 60. Rxd5 Rxc6 61. Rd3 Rc4 62. Re3+ Kf6 63. Rxh3 Rxf4 64. Kg2 Kf5 65. Rb3 Rg4+ 66. Kf3 Rc4 67. Rb5+ Kf6 68. Ra5 Rc3+ 69. Kg2 g5 70. h3 Kg6 71. Ra6+ f6 72. Rb6 Rd3 73. Ra6 Kf5 74. Ra5+ Ke4 75. Ra4+ Rd4 76. Ra6 f5 77. Ra2 Ke3 78. Ra3+ Rd3 79. Ra5 Rd2+ 80. Kg3 f4+ 81. Kg4 Rg2+ 82. Kf5 f3 83. Re5+ Kd2 84. Kg6 f2 85. Rf5 Ke2 0-1


[Site "https://www.chess.com"]

[Event "Titled Tuesday Blitz July 25 Early 2023"]
[White "Zubritskiy, Artyom"]
[Black "Terry, Renato"]
[WhiteFideId "4181247"]
[BlackFideId "3803457"]
[WhiteElo "2799"]
[BlackElo "2961"]
[Result "0-1"]
[Round "8"]
[TimeControl "180+2"]
[Date "2023.07.25"]
[WhiteClock "0:00:02"]
[BlackClock "0:00:04"]
[Board "10"]

1. d4 e6 2. c4 Bb4+ 3. Bd2 Bxd2+ 4. Qxd2 Nf6 5. g3 d6 6. Bg2 O-O 7. Nc3 e5 8. Nf3 Qe7 9. O-O Re8 10. e4 Bg4 11. d5 Bxf3 12. Bxf3 a5 13. b3 Na6 14. Rab1 Nc5 15. Rfe1 h6 16. Bd1 Ncd7 17. Bc2 Nf8 18. Nd1 N8h7 19. Kg2 h5 20. h4 g6 21. f3 Nd7 22. Ne3 Kg7 23. a3 Nhf6 24. Ra1 Rh8 25. b4 Ra7 26. Qc3 Rha8 27. Reb1 Kg8 28. Bd3 Qf8 29. Kf2 b6 30. Bc2 Qh6 31. Bd3 Nh7 32. Bc2 Nhf8 33. Rh1 Nh7 34. Rhb1 Nhf6 35. Rh1 Qf8 36. Rhb1 Qd8 37. Bb3 Qc8 38. Nc2 Nf8 39. Kg2 N8d7 40. Kf2 Qb8 41. Kg2 Qf8 42. Qd2 Kh7 43. Ne3 Ng8 44. Qc3 Nh6 45. Bc2 Kg7 46. Re1 Kg8 47. Reb1 f5 48. exf5 gxf5 49. Qe1 Kh8 50. Ba4 Nf6 51. Bc6 Rd8 52. Qd2 Qg7 53. Kh2 f4 54. gxf4 exf4 55. Nf1 axb4 56. axb4 Rxa1 57. Rxa1 Nfg4+ 58. fxg4 Nxg4+ 59. Kh3 Qxa1 60. Qxf4 Qc3+ 61. Ng3 Qf6 62. Nxh5 Qxf4 63. Nxf4 Ne5 64. Ne6 Rg8 65. Nxc7 Nxc4 66. b5 Rg1 67. Ne8 Kg8 68. Nf6+ Kf7 69. Ne4 Ke7 70. h5 Ne5 71. h6 Rh1+ 72. Kg3 Rxh6 73. Kf4 Rh3 74. Ng5 Rb3 75. Ne4 Rb4 76. Ke3 Ng4+ 77. Kd3 Ne5+ 78. Ke3 Ra4 79. Ng5 Ng4+ 80. Kd3 Nf6 81. Ne6 Ra1 82. Nc7 Rd1+ 83. Kc4 Rc1+ 84. Kd4 Rd1+ 85. Kc4 Ra1 86. Na8 Ng4 87. Nxb6 Ne5+ 88. Kd4 Kd8 89. Nc4 Ra4 90. b6 Rxc4+ 91. Ke3 Nxc6 0-1


[Site "https://www.chess.com"]

[Event "Titled Tuesday Blitz July 25 Early 2023"]
[White "Megaranto, Susanto"]
[Black "Koshulyan, Egor A."]
[WhiteFideId "7101384"]
[BlackFideId "24237000"]
[WhiteElo "2949"]
[BlackElo "2714"]
[Result "1-0"]
[Round "8"]
[TimeControl "180+2"]
[Date "2023.07.25"]
[WhiteClock "0:01:00"]
[BlackClock "0:00:05"]
[Board "11"]

1. e4 c5 2. Nf3 Nc6 3. Bc4 e6 4. O-O Nf6 5. d3 d5 6. exd5 exd5 7. Bb5 Be7 8. Bf4 O-O 9. Re1 Bg4 10. c3 Re8 11. Nbd2 Qb6 12. Qa4 Bd7 13. h3 a6 14. Bxc6 Bxc6 15. Qc2 Bd7 16. d4 Rac8 17. Be3 c4 18. Bf4 Bf8 19. Ne5 Be6 20. Nf1 g6 21. Re2 Bg7 22. Ng3 Nd7 23. Rae1 Qb5 24. h4 Nf6 25. h5 Ng4 26. hxg6 hxg6 27. Nxg6 fxg6 28. Qxg6 Bf7 29. Qxg4 Rxe2 30. Rxe2 Rc6 31. Nf5 Rg6 32. Ne7+ 1-0


[Site "https://www.chess.com"]

[Event "Titled Tuesday Blitz July 25 Early 2023"]
[White "Becerra Rivero, Julio"]
[Black "Andreikin, Dmitry"]
[WhiteFideId "3501728"]
[BlackFideId "4158814"]
[WhiteElo "2877"]
[BlackElo "3029"]
[Result "0-1"]
[Round "8"]
[TimeControl "180+2"]
[Date "2023.07.25"]
[WhiteClock "0:00:00"]
[BlackClock "0:00:26"]
[Board "12"]

1. e4 c5 2. Nf3 e6 3. d4 cxd4 4. Nxd4 a6 5. Bd3 g6 6. O-O Bg7 7. Nf3 Ne7 8. c4 O-O 9. Qe2 Nbc6 10. Nc3 d5 11. cxd5 exd5 12. Nxd5 Nxd5 13. exd5 Qxd5 14. Be4 Qb5 15. Qxb5 axb5 16. a3 Re8 17. Re1 Bg4 18. Rb1 Rxe4 19. Rxe4 Bf5 20. Nd2 Bxe4 21. Nxe4 Re8 22. f3 f5 23. Nd6 Re1+ 24. Kf2 Rd1 25. Nxb7 Bh6 26. Bxh6 Rxb1 27. b4 Ra1 28. Nd6 Rxa3 29. Nxb5 Ra2+ 30. Kg3 Nxb4 31. Nd6 Nd3 32. Nc4 f4+ 33. Kh3 Kf7 34. Nd6+ Ke6 35. Ne4 Kf5 36. Nd6+ Ke5 37. Ne4 Nf2+ 38. Nxf2 Rxf2 39. g3 Rxf3 40. Kg4 Rf2 41. Bxf4+ Kf6 42. h4 h5+ 43. Kh3 Kf5 44. Bg5 Ra2 45. Bf4 Ke4 46. Bg5 Kf3 47. Be7 Re2 48. Bc5 Re1 49. Kh2 Rd1 50. Bb6 Rd2+ 51. Kh3 Rc2 52. Ba7 Rg2 53. Bb8 Kf2 54. Bf4 Kf1 0-1


[Site "https://www.chess.com"]

[Event "Titled Tuesday Blitz July 25 Early 2023"]
[White "Kazakouski, Valery"]
[Black "Martinez Alcantara, Jose Eduardo"]
[WhiteFideId "13507443"]
[BlackFideId "3805662"]
[WhiteElo "2871"]
[BlackElo "2987"]
[Result "0-1"]
[Round "8"]
[TimeControl "180+2"]
[Date "2023.07.25"]
[WhiteClock "0:00:02"]
[BlackClock "0:00:28"]
[Board "13"]

1. Nf3 c5 2. c4 Nf6 3. b3 b6 4. g3 Bb7 5. Bg2 e6 6. O-O Be7 7. Nc3 O-O 8. d4 cxd4 9. Qxd4 d6 10. Rd1 Nbd7 11. Bb2 a6 12. Qf4 Qc7 13. Rac1 Rac8 14. g4 g6 15. h4 e5 16. Qg3 Nc5 17. Nd2 Qb8 18. Bxb7 Qxb7 19. g5 Nh5 20. Qf3 Qa7 21. Nde4 f6 22. Nxd6 Bxd6 23. Rxd6 fxg5 24. Qd5+ Qf7 25. Qxf7+ Rxf7 26. hxg5 Rf5 27. Nd5 Rxg5+ 28. Kf1 Rf8 29. f3 Ng3+ 30. Ke1 Nge4 31. fxe4 Nxe4 32. Nf6+ Nxf6 33. Rxb6 Ne4 34. Kd1 Rg2 35. Kc2 Rxe2+ 36. Kb1 Rff2 37. Rb8+ Kf7 38. Ba3 Rxa2 39. Rf8+ Ke6 40. Rxf2 Rxf2 41. Re1 Nd2+ 0-1


[Site "https://www.chess.com"]

[Event "Titled Tuesday Blitz July 25 Early 2023"]
[White "Hovhannisyan, Robert"]
[Black "Vitiugov, Nikita"]
[WhiteFideId "13302507"]
[BlackFideId "4152956"]
[WhiteElo "2962"]
[BlackElo "2844"]
[Result "1-0"]
[Round "8"]
[TimeControl "180+2"]
[Date "2023.07.25"]
[WhiteClock "0:00:08"]
[BlackClock "0:00:00"]
[Board "14"]

1. e4 e5 2. Nf3 Nc6 3. Nc3 Nf6 4. d4 exd4 5. Nxd4 Bb4 6. Nxc6 bxc6 7. Bd3 O-O 8. O-O d5 9. exd5 cxd5 10. Bg5 c6 11. Qf3 h6 12. Bxf6 Qxf6 13. Qxf6 gxf6 14. Ne2 Re8 15. Nd4 c5 16. Nc6 Bd2 17. Rad1 Bf4 18. Rfe1 Bd7 19. Ne7+ Kg7 20. Nxd5 Rxe1+ 21. Rxe1 Be5 22. b3 Be6 23. Ne3 a5 24. Bf5 a4 25. Bxe6 fxe6 26. Nc4 axb3 27. axb3 Bd4 28. g3 Ra2 29. Re2 f5 30. Kg2 Kf6 31. f4 Ra1 32. Ne5 Rg1+ 33. Kh3 Rc1 34. Nc6 Bc3 35. Kg2 Rd1 36. Kf3 Rf1+ 37. Ke3 Rd1 38. Kf2 Rd5 39. Kf3 Rd1 40. Re3 Bb2 41. Na5 Bd4 42. Re2 Rf1+ 43. Kg2 Rg1+ 44. Kh3 Rd1 45. Nc4 Bc3 46. Ne5 Rd5 47. Nd3 Bd4 48. Re1 Rd8 49. Re2 Rc8 50. Ne5 Rc7 51. Nf3 Bb2 52. Nd2 Bc3 53. Nc4 Bd4 54. Rd2 Ra7 55. Rd3 Ra2 56. c3 Bg1 57. Rd2 Rxd2 58. Nxd2 Bf2 59. Nf3 Be3 60. Kg2 Bc1 61. Kf1 Ke7 62. Ke2 Kd6 63. Kd3 Bb2 64. Kc2 Ba1 65. Ne5 Kd5 66. Kd3 Bb2 67. Nc4 Ba1 68. Ne3+ Kc6 69. Kc2 Kb5 70. Nd1 c4 71. b4 Ka4 72. Kb1 Bxc3 73. Nxc3+ Kxb4 74. Kc2 Kc5 75. Kd2 Kd4 76. Nd1 Ke4 77. Ke2 e5 78. fxe5 Kxe5 79. Ke3 h5 80. Nc3 1-0


[Site "https://www.chess.com"]

[Event "Titled Tuesday Blitz July 25 Early 2023"]
[White "Maghsoodloo, Parham"]
[Black "Cordova, Emilio"]
[WhiteFideId "12539929"]
[BlackFideId "3801497"]
[WhiteElo "2936"]
[BlackElo "2844"]
[Result "0-1"]
[Round "8"]
[TimeControl "180+2"]
[Date "2023.07.25"]
[WhiteClock "0:00:00"]
[BlackClock "0:01:01"]
[Board "15"]

1. Nf3 b6 2. d4 Bb7 3. g3 Nf6 4. Bg2 e6 5. O-O Be7 6. c4 O-O 7. Re1 a5 8. h4 Na6 9. Nc3 Ne4 10. Bf4 f5 11. d5 Nac5 12. Nb5 d6 13. dxe6 Nxe6 14. e3 h6 15. h5 Qe8 16. Nfd4 Nxf4 17. exf4 Qd7 18. Nc3 Nxc3 19. bxc3 Bxg2 20. Kxg2 Bf6 21. Qf3 Bxd4 22. cxd4 Rae8 23. Qd5+ Kh8 24. c5 bxc5 25. dxc5 Qb5 26. Rxe8 Rxe8 27. Qxf5 Qc6+ 28. Kg1 dxc5 29. Rc1 c4 30. Qf7 c3 31. Qg6 Re6 32. Qd3 c2 33. Kh2 Qe8 34. Rxc2 Qxh5+ 35. Kg2 Re1 36. Qd8+ Kh7 37. Qd3+ Kh8 38. Qd8+ Kh7 39. Qh4 Qd5+ 40. f3 Qd1 41. g4 Rg1+ 0-1


[Site "https://www.chess.com"]

[Event "Titled Tuesday Blitz July 25 Early 2023"]
[White "Wagner, Dennis"]
[Black "Svane, Frederik"]
[WhiteFideId "24650684"]
[BlackFideId "12923044"]
[WhiteElo "2778"]
[BlackElo "2933"]
[Result "0-1"]
[Round "8"]
[TimeControl "180+2"]
[Date "2023.07.25"]
[WhiteClock "0:00:01"]
[BlackClock "0:00:18"]
[Board "16"]

1. d4 Nf6 2. Nf3 e6 3. c4 b6 4. g3 Bb7 5. Bg2 Be7 6. O-O O-O 7. d5 exd5 8. Nh4 c6 9. cxd5 Nxd5 10. Nf5 Nc7 11. Nc3 d5 12. e4 Bf6 13. exd5 cxd5 14. Bf4 Nba6 15. Nd6 Bc6 16. Nxd5 Nxd5 17. Bxd5 Bxd5 18. Qxd5 Nc7 19. Qc6 Ne6 20. Be3 Bxb2 21. Rad1 Qf6 22. Rd5 Bd4 23. Rf5 Qg6 24. Qd5 Rad8 25. Bxd4 Rxd6 26. Qxd6 Qxf5 27. Be3 h6 28. Qd7 Qa5 29. Qd2 Qxd2 30. Bxd2 Rc8 31. Be3 Rc2 32. Ra1 Nc7 33. a4 Nd5 34. Bd4 Rd2 35. Be5 f6 36. Bb8 a6 37. Rc1 Rd4 38. Rc8+ Kh7 39. Rd8 Rd1+ 40. Kg2 Ne3+ 41. fxe3 Rxd8 42. Bc7 Rd2+ 43. Kf3 b5 44. axb5 axb5 45. Ba5 Rxh2 0-1


[Site "https://www.chess.com"]

[Event "Titled Tuesday Blitz July 25 Early 2023"]
[White "Grandelius, Nils"]
[Black "Leon Oquendo, Jorge"]
[WhiteFideId "1710400"]
[BlackFideId "3514803"]
[WhiteElo "2878"]
[BlackElo "2730"]
[Result "0-1"]
[Round "8"]
[TimeControl "180+2"]
[Date "2023.07.25"]
[WhiteClock "0:00:03"]
[BlackClock "0:00:33"]
[Board "17"]

1. d4 Nf6 2. Nf3 d5 3. c3 Bg4 4. Ne5 Bf5 5. Qb3 Qc8 6. c4 e6 7. cxd5 exd5 8. Bg5 c6 9. Bxf6 gxf6 10. Nf3 Bd6 11. Nc3 Nd7 12. Rc1 Qb8 13. g3 Nf8 14. Bg2 Ng6 15. O-O Be6 16. Qc2 f5 17. e3 h5 18. Ne2 h4 19. Nf4 hxg3 20. fxg3 Qc7 21. a3 O-O-O 22. b4 Kb8 23. b5 cxb5 24. Qb3 Qb6 25. Nxd5 Bxd5 26. Qxd5 Bxa3 27. Qxf5 Bxc1 28. Rxc1 Rc8 29. Rb1 b4 30. Qxf7 a5 31. Qb3 Rc3 32. Qf7 Rhc8 33. h4 b3 34. h5 Nh8 35. Qf4+ Ka7 36. Kh2 Rc1 37. Rxc1 Rxc1 38. Nd2 b2 39. Be4 Qb4 40. Qf2 a4 41. Bb1 a3 42. e4 Rxb1 43. d5+ Ka8 0-1


[Site "https://www.chess.com"]

[Event "Titled Tuesday Blitz July 25 Early 2023"]
[White "Csonka, Balazs"]
[Black "Shimanov, Aleksandr"]
[WhiteFideId "742910"]
[BlackFideId "4198603"]
[WhiteElo "2760"]
[BlackElo "2999"]
[Result "0-1"]
[Round "8"]
[TimeControl "180+2"]
[Date "2023.07.25"]
[WhiteClock "0:00:01"]
[BlackClock "0:00:06"]
[Board "18"]

1. d4 Nf6 2. c4 g6 3. Nc3 Bg7 4. e4 d6 5. Nf3 O-O 6. Be2 Nbd7 7. Be3 e5 8. d5 Ng4 9. Bg5 f6 10. Bh4 h5 11. Nd2 Nh6 12. f3 Nf7 13. O-O Bh6 14. Bf2 a5 15. b3 f5 16. a3 Nf6 17. c5 Bd7 18. Nc4 Re8 19. b4 a4 20. cxd6 Nxd6 21. Nxd6 cxd6 22. Bd3 Qe7 23. Qe2 Rec8 24. Nb5 fxe4 25. fxe4 Ng4 26. h3 Nxf2 27. Qxf2 Rf8 28. Qb6 Bxb5 29. Qxb5 Be3+ 30. Kh1 Qg5 31. Rxf8+ Rxf8 32. Rf1 Rxf1+ 33. Bxf1 Qf4 34. Qe2 Qxe4 35. Qf3 Qxf3 36. gxf3 Bc1 37. Bb5 Bxa3 38. Bxa4 Bxb4 39. Kg2 Kg7 40. Bc2 Kf6 41. Bd3 Bc5 42. Kf1 Kg5 43. Kg2 Bd4 44. Kf1 b6 45. Kg2 Bc5 46. Bc2 Kf6 47. Bd3 Be3 48. Kf1 Bd4 49. Ke2 Kg7 50. Kd1 Kh6 51. Ke2 Kg5 52. Kf1 Be3 53. Kg2 Bc1 54. Kf1 Bb2 55. Kg2 h4 56. Kf2 Bd4+ 57. Kg2 Be3 58. Kf1 Kf4 59. Bxg6 Kxf3 60. Ke1 e4 61. Bh5+ Kg3 62. Bg6 Kf4 63. Ke2 Bc5 64. Be8 Ke5 65. Bc6 Kd4 66. Kd2 Bb4+ 67. Ke2 Bc3 68. Ba8 b5 69. Bc6 b4 0-1


[Site "https://www.chess.com"]

[Event "Titled Tuesday Blitz July 25 Early 2023"]
[White "Pranav, V"]
[Black "Matinian, Nikita"]
[WhiteFideId "25060783"]
[BlackFideId "24129100"]
[WhiteElo "2996"]
[BlackElo "2753"]
[Result "1-0"]
[Round "8"]
[TimeControl "180+2"]
[Date "2023.07.25"]
[WhiteClock "0:00:05"]
[BlackClock "0:00:02"]
[Board "19"]

1. e4 c5 2. Nf3 d6 3. d4 cxd4 4. Nxd4 Nf6 5. Nc3 g6 6. Be3 Bg7 7. f3 a6 8. Be2 Nbd7 9. O-O O-O 10. a4 Nc5 11. Qd2 Bd7 12. Bh6 Bxh6 13. Qxh6 Qb6 14. a5 Qa7 15. Qe3 Rfc8 16. Rfd1 Ne6 17. Kf2 Nxd4 18. Qxd4 Qxd4+ 19. Rxd4 Rc5 20. Rb4 Bc6 21. Rc4 Rxc4 22. Bxc4 Rc8 23. Bd3 e5 24. g4 h6 25. h4 Kf8 26. Nd1 d5 27. exd5 Nxd5 28. Ne3 Nf4 29. Bf1 Rd8 30. Nc4 f6 31. Ke3 Kf7 32. Nd2 f5 33. gxf5 gxf5 34. Bc4+ Kf6 35. Rg1 Nd5+ 36. Bxd5 Rxd5 37. b4 Rd4 38. h5 Be8 39. c3 Rh4 40. Rg8 Bxh5 41. Rb8 f4+ 42. Kd3 Bg6+ 43. Ne4+ Bxe4+ 44. Kxe4 Rh2 45. Rxb7 Re2+ 46. Kd5 Re3 47. c4 Rxf3 48. b5 axb5 49. cxb5 Ra3 50. a6 f3 51. Rb8 Kf5 52. Rf8+ Kg4 53. Kxe5 Ra5 54. Ke4 Ra4+ 55. Kd5 Rf4 56. Rxf4+ Kxf4 57. a7 1-0


[Site "https://www.chess.com"]

[Event "Titled Tuesday Blitz July 25 Early 2023"]
[White "djokovic74"]
[Black "Kevlishvili, Robby"]
[BlackFideId "1040634"]
[WhiteElo "2751"]
[BlackElo "2990"]
[Result "0-1"]
[Round "8"]
[TimeControl "180+2"]
[Date "2023.07.25"]
[WhiteClock "0:00:02"]
[BlackClock "0:01:23"]
[Board "20"]

1. e4 c6 2. Nf3 d5 3. Nc3 Nf6 4. e5 Ne4 5. Nxe4 dxe4 6. Ng5 Bf5 7. Qe2 Qd5 8. g4 Bg6 9. Bg2 Qxe5 10. Nxe4 Nd7 11. d3 Bxe4 12. dxe4 e6 13. c3 Qc7 14. f4 g5 15. fxg5 Ne5 16. O-O h6 17. gxh6 Bxh6 18. g5 Bg7 19. Bf4 Qb6+ 20. Kh1 Ng6 21. Bg3 Be5 22. Bxe5 Nxe5 23. Rad1 Ke7 24. Qf2 Rxh2+ 25. Kg1 Nf3+ 26. Bxf3 Rxf2 27. Rxf2 Rg8 28. Rf1 Rxg5+ 29. Bg2 f5 30. exf5 Rxf5 31. Bh3 Rf3 32. Kg2 Rxf2+ 33. Rxf2 Qe3 34. Bg4 Qg5 35. Kf3 Qd5+ 36. Kg3 Qxa2 37. Re2 a5 38. Kf3 a4 39. Ke3 Qc4 40. Bf3 a3 41. bxa3 Qxc3+ 42. Kf2 Qxa3 43. Bg4 Qc5+ 44. Kg3 Qc4 45. Bf3 b5 46. Re4 Qc3 47. Kf4 b4 48. Bg4 Qf6+ 49. Ke3 c5 50. Rf4 Qc3+ 51. Ke2 b3 52. Rf3 Qc2+ 53. Ke3 b2 54. Bf5 exf5 55. Kf4 Qe4+ 56. Kg3 Qxf3+ 57. Kxf3 b1=Q 0-1


[Site "https://www.chess.com"]

[Event "Titled Tuesday Blitz July 25 Early 2023"]
[White "Schmakel, Sam"]
[Black "Xiong, Jeffery"]
[WhiteFideId "2039311"]
[BlackFideId "2047640"]
[WhiteElo "2746"]
[BlackElo "2985"]
[Result "0-1"]
[Round "8"]
[TimeControl "180+2"]
[Date "2023.07.25"]
[WhiteClock "0:00:03"]
[BlackClock "0:00:32"]
[Board "21"]

1. Nf3 c5 2. b3 Nf6 3. e3 g6 4. Bb2 Bg7 5. c4 O-O 6. Be2 b6 7. O-O Bb7 8. d4 cxd4 9. Nxd4 d5 10. Nc3 dxc4 11. Bxc4 Nbd7 12. Be2 a6 13. Bf3 Bxf3 14. Qxf3 Rc8 15. Rfd1 Qe8 16. Qb7 Ra8 17. Nc6 Kh8 18. Ba3 Rc8 19. Bxe7 Rxc6 20. Bxf8 Rxc3 21. Bxg7+ Kxg7 22. Qxa6 Qe4 23. Qe2 Nc5 24. Rac1 Qe5 25. Rxc3 Qxc3 26. Qd2 Qe5 27. f3 Ne6 28. b4 h5 29. a4 h4 30. h3 Nh5 31. a5 bxa5 32. bxa5 Ng3 33. a6 Qc5 34. Ra1 Qa7 35. Kf2 Nf5 36. Ra5 Nc7 37. Qc3+ Kg8 38. Ke2 Nxa6 39. Qa3 Qc7 40. Rxa6 Qc2+ 41. Ke1 Ng3 42. Ra8+ Kh7 43. Qa2 Qc1+ 0-1


[Site "https://www.chess.com"]

[Event "Titled Tuesday Blitz July 25 Early 2023"]
[White "Movahed, Sina"]
[Black "Fantastic_Power"]
[WhiteFideId "42520835"]
[WhiteElo "2964"]
[BlackElo "2741"]
[Result "0-1"]
[Round "8"]
[TimeControl "180+2"]
[Date "2023.07.25"]
[WhiteClock "0:00:00"]
[BlackClock "0:00:05"]
[Board "22"]

1. e4 c5 2. Nf3 Nf6 3. Nc3 Nc6 4. d4 cxd4 5. Nxd4 e6 6. Nxc6 bxc6 7. e5 Nd5 8. Ne4 Qc7 9. f4 Rb8 10. c4 Bb4+ 11. Ke2 O-O 12. a3 Ba5 13. cxd5 cxd5 14. Ng5 d6 15. exd6 Qxd6 16. Nf3 f6 17. b4 Bb6 18. Ke1 e5 19. Be2 d4 20. fxe5 fxe5 21. Ng5 Bf5 22. Rf1 Kh8 23. Rxf5 Rxf5 24. Qd3 Qg6 25. h4 Rbf8 26. g4 Rxg5 27. Bxg5 e4 28. Qc4 d3 29. Ra2 dxe2 30. Rxe2 h6 31. Be7 Rf4 32. g5 Rxh4 33. Kd1 e3 34. Qc8+ Kh7 35. Re1 Qd3+ 36. Kc1 Qd2+ 37. Kb1 Qxe1+ 38. Ka2 Qd2+ 39. Kb3 Qd3+ 40. Ka4 Rc4 41. g6+ Qxg6 42. Qxc4 Qe8+ 43. b5 Qxe7 44. Qd3+ Kg8 45. Qc4+ Kh8 46. Qc8+ Kh7 47. Qc2+ g6 48. Qb3 e2 49. Qc4 e1=Q 50. Qf7+ Kh8 51. Qg8+ Kxg8 52. Kb3 Qb1+ 0-1


[Site "https://www.chess.com"]

[Event "Titled Tuesday Blitz July 25 Early 2023"]
[White "Skvortsov, Andrei"]
[Black "Svane, Rasmus"]
[WhiteFideId "24108600"]
[BlackFideId "4657101"]
[WhiteElo "2740"]
[BlackElo "2964"]
[Result "0-1"]
[Round "8"]
[TimeControl "180+2"]
[Date "2023.07.25"]
[WhiteClock "0:00:00"]
[BlackClock "0:00:52"]
[Board "23"]

1. e4 c6 2. Nc3 d5 3. Nf3 dxe4 4. Nxe4 Nf6 5. Qe2 Nxe4 6. Qxe4 Qa5 7. Bc4 Bf5 8. Qe3 e6 9. O-O Be7 10. Nd4 O-O 11. Nxf5 Qxf5 12. d4 Qxc2 13. Bd3 Qa4 14. Bd2 Nd7 15. a3 Bf6 16. Qe4 g6 17. Bb4 Rfd8 18. Bc4 c5 19. dxc5 a5 20. Bc3 Bxc3 21. bxc3 Nxc5 22. Qe2 Qc6 23. Rab1 b6 24. Qe3 Rd6 25. Rfc1 Rad8 26. h3 Qe4 27. Qxe4 Nxe4 28. Rb2 Rc8 29. Bf1 Rxc3 30. Rcb1 Rxa3 31. g3 Nd2 32. Rc1 Nxf1 33. Kxf1 Rad3 34. Kg2 Rd2 35. Rb5 Ra2 36. h4 Rdd2 37. Kf3 Rxf2+ 38. Kg4 Kg7 39. Rxb6 h5+ 0-1


[Site "https://www.chess.com"]

[Event "Titled Tuesday Blitz July 25 Early 2023"]
[White "Klekowski, Maciej"]
[Black "Indjic, Aleksandar"]
[WhiteFideId "1132717"]
[BlackFideId "911925"]
[WhiteElo "2740"]
[BlackElo "2955"]
[Result "0-1"]
[Round "8"]
[TimeControl "180+2"]
[Date "2023.07.25"]
[WhiteClock "0:00:22"]
[BlackClock "0:00:52"]
[Board "24"]

1. c4 e5 2. Nc3 Nf6 3. g3 h6 4. Bg2 Bb4 5. e4 Bxc3 6. bxc3 d6 7. d3 O-O 8. Ne2 Re8 9. O-O c6 10. f4 Nbd7 11. h3 Nc5 12. Be3 b6 13. g4 exf4 14. Nxf4 Ncd7 15. Qe2 Ba6 16. Rf2 Qe7 17. Raf1 d5 18. Nh5 dxe4 19. Nxf6+ Nxf6 20. d4 Qe6 21. g5 Bxc4 22. Qe1 hxg5 23. Bxg5 Nh7 24. Be3 Bxf1 25. Bxf1 c5 26. Bb5 cxd4 27. Bxd4 Red8 28. Qe3 Rd5 29. Rg2 Rxb5 30. Rxg7+ Kf8 31. Qg3 Rb1+ 32. Kf2 Nf6 33. Qg5 e3+ 0-1


[Site "https://www.chess.com"]

[Event "Titled Tuesday Blitz July 25 Early 2023"]
[White "Bauman_Guy"]
[Black "Kovalev, Vladislav"]
[BlackFideId "13504398"]
[WhiteElo "2760"]
[BlackElo "2951"]
[Result "1-0"]
[Round "8"]
[TimeControl "180+2"]
[Date "2023.07.25"]
[WhiteClock "0:00:20"]
[BlackClock "0:00:02"]
[Board "26"]

1. e4 e5 2. Nf3 Nc6 3. Bb5 a6 4. Ba4 Nf6 5. O-O Be7 6. Re1 b5 7. Bb3 d6 8. c3 O-O 9. h3 Na5 10. Bc2 c5 11. d4 Qc7 12. d5 Nc4 13. b3 Nb6 14. Be3 Bd7 15. Nbd2 a5 16. a3 a4 17. b4 cxb4 18. cxb4 Rfc8 19. Bd3 Nc4 20. Qe2 Nxe3 21. Qxe3 Qc3 22. Qe2 Rab8 23. Kh2 g6 24. g3 Bd8 25. Kg2 Bb6 26. Ra2 Ba7 27. Nb1 Qc7 28. Rc2 Qb6 29. Rec1 Rxc2 30. Rxc2 Kg7 31. Nc3 h5 32. Ng5 h4 33. g4 Nh7 34. Nxh7 Kxh7 35. Nd1 Qd8 36. Nc3 Qb6 37. Nd1 Kg7 38. Qe3 Qxe3 39. Nxe3 Rb7 40. Kf3 Kf8 41. Ng2 g5 42. Ke2 Ke7 43. Ne1 Bd4 44. Nf3 f6 45. Nxd4 exd4 46. Kd2 Kd8 47. Be2 Rc7 48. Rxc7 Kxc7 49. Kd3 Kd8 50. Kxd4 Ke7 51. Ke3 Kf7 52. f4 Ke7 53. Bd3 Kf7 54. fxg5 fxg5 55. Kd4 Kf6 56. e5+ dxe5+ 57. Kc5 e4 58. Bxe4 Ke5 59. Bd3 Kf4 60. Bxb5 Bxg4 61. hxg4 h3 62. d6 h2 63. Bc6 1-0


[Site "https://www.chess.com"]

[Event "Titled Tuesday Blitz July 25 Early 2023"]
[White "Galchenko, Matvey"]
[Black "Cherniaiev, Tykhon"]
[WhiteFideId "24175480"]
[BlackFideId "14182360"]
[WhiteElo "2900"]
[BlackElo "2724"]
[Result "0-1"]
[Round "8"]
[TimeControl "180+2"]
[Date "2023.07.25"]
[WhiteClock "0:00:02"]
[BlackClock "0:00:17"]
[Board "27"]

1. e4 e5 2. Nf3 Nc6 3. d4 exd4 4. Nxd4 Nf6 5. Nxc6 bxc6 6. e5 Nd5 7. c4 Nb6 8. Be3 d6 9. exd6 cxd6 10. Nc3 Be7 11. Bd3 O-O 12. O-O Be6 13. b3 d5 14. cxd5 Nxd5 15. Nxd5 Qxd5 16. Qc2 h6 17. Be4 Qe5 18. Rfe1 Bf6 19. Rac1 Qa5 20. Qe2 Bd5 21. Rc5 Qd8 22. Rd1 Bxe4 23. Rxd8 Rfxd8 24. Rc1 Bd5 25. Qa6 Rd7 26. h3 Re8 27. Rd1 Bc4 28. bxc4 Rxd1+ 29. Kh2 Be5+ 30. g3 Bd4 31. Qxc6 Rd8 32. Bxd4 R1xd4 33. Kg2 Rd2 34. Qc7 R2d7 35. Qa5 Rc8 36. c5 Rdc7 37. Qa6 g6 38. a4 h5 39. a5 Kg7 40. g4 hxg4 41. hxg4 Kg8 42. Kg3 Kg7 43. f3 Kg8 44. Kf4 Kg7 45. Ke4 Kg8 46. Kd4 Kg7 47. c6 Rxc6 48. Qxa7 Rc3 49. Ke4 R8c4+ 50. Kd5 Ra4 51. a6 Rca3 52. Qb8 Rxa6 53. Qe5+ Kg8 54. Qe8+ Kg7 55. Qe5+ Kh7 56. Qe8 Rxf3 57. Ke4 Re6+ 58. Qxe6 fxe6 59. Kxf3 Kg7 60. g5 Kf7 61. Ke4 Kf8 62. Kf4 Ke8 63. Ke4 Kd7 64. Ke5 Ke7 65. Ke4 Kd6 66. Kf4 Kd5 67. Ke3 Ke5 0-1


[Site "https://www.chess.com"]